 Dungeon Crawl Stone Soup version 0.31-a0-16-g6d2539766c (webtiles) character file.

Game seed: 8050170609361987169

105 lunkers the Gusty (level 5, -7/38 HPs)
             Began as a Meteoran Air Elementalist on May 5, 2023.
             Mangled by Pargi (8 damage)
             ... in a sewer on May 8, 2023.
             The game lasted 00:05:40 (1131 turns).

lunkers the Gusty (Meteoran Air Elementalist)       Turns: 1131, Time: 00:05:41

Health: -7/38      AC:  2    Str: 10    XL:     5   Next: 31%
Magic:  8/11       EV: 12    Int: 18    God:
Gold:   53         SH:  0    Dex: 14    Spells: 1/11 levels left

rFire   . . .        d - +0 club
rCold   . . .        (no shield)
rNeg    . . .        a - +0 robe
rPois   .            (no helmet)
rElec   .            (no cloak)
rCorr   .            (no gloves)
SInv    .            (no boots)
Will    .....        (no amulet)
Stlth   +            (no ring)
HPRegen 0.26/turn    (no ring)
MPRegen 0.12/turn

%: no passive effects
@: glowing
A: sense surroundings 1, otherworldly, glowing, explore regen
a: no special abilities


You were in a sewer.
You visited 1 branch of the dungeon, and saw 4 of its levels.
You also visited: Sewer.

You collected 53 gold pieces.

Inventory:

Hand Weapons
 d - a +0 club (weapon)
Armour
 a - a +0 robe (worn)
Scrolls
 c - a scroll of enchant weapon {unknown}
 e - a scroll of fear {unknown}
 f - a scroll of vulnerability {unknown}
 h - a scroll of identify {unknown}
 i - a scroll of teleportation {unknown}
 j - a scroll of blinking {unknown}
Potions
 g - a potion of flight {unknown}
 k - 2 potions of heal wounds {unknown}
 l - a potion of mutation {unknown}
 m - a potion of might {unknown}
 n - a potion of degeneration {unknown}
 o - a potion of attraction {unknown}


   Skills:
 - Level 2.4 Dodging
 - Level 1.4 Stealth
 + Level 3.7 Spellcasting
 + Level 2.8 Conjurations
 * Level 5.2 Air Magic


You had one spell level left.
You knew the following spells:

 Your Spells              Type           Power      Damage    Failure   Level
a - Shock                 Conj/Air       68%        1d7       3%          1
b - Static Discharge      Conj/Air       34%        2-4/arc   4%          2
c - Swiftness             Air            22%        N/A       5%          3
d - Airstrike             Air            11%        2d(2-18)  17%         4

Your spell library contained the following spells:

 Spells                   Type           Power      Damage    Failure   Level
 Kiss of Death            Conj/Necr      32%        2d7       9%          1
 Slow                     Hex            12%        N/A       16%         1
 Stone Arrow              Conj/Erth      16%        3d8       26%         3
 Confusing Touch          Hex            3%         N/A       41%         3
 Vampiric Draining        Necr           3%         2d6       41%         3
 Starburst                Conj/Fire      4%         6d3       100%        6
 Chain Lightning          Conj/Air       8%         3d11      100%        9


Dungeon Overview and Level Annotations

Branches:
Dungeon (4/15) Zot: 1295    Sewer (1/1) Zot: 559
 Temple: D:4-7

Altars:

Shops:
D:1 *!:!

Annotations:
Sewer Pargi


Innate Abilities, Weirdness & Mutations

You passively map a small area around you.
You are easily found by Zot.
You glow in the dark.
You regain HP and MP as you explore.


Message History

Pargi barely misses you. Pargi claws you.
* * * LOW HITPOINT WARNING * * *
Pargi claws you.
* * * LOW HITPOINT WARNING * * *
Unknown command.
Casting: Static Discharge (safe; 4% risk of failure)
Confirm with . or Enter, or press ? or * to list all spells.
Pargi is struck by an arc of lightning.
Pargi is lightly wounded.
You are struck by an arc of lightning.
* * * LOW HITPOINT WARNING * * *
The lightning grounds out.
* * * LOW MAGIC WARNING * * *
Pargi bites you.
* * * LOW HITPOINT WARNING * * *
Pargi claws you but does no damage. Pargi closely misses you.
Magic courses through your body. Pargi bites you.
* * * LOW HITPOINT WARNING * * *
Pargi claws you.
* * * LOW HITPOINT WARNING * * *
Pargi barely misses you.
Casting: Static Discharge (safe; 4% risk of failure)
Confirm with . or Enter, or press ? or * to list all spells.
Pargi is struck by an arc of lightning.
Pargi is moderately wounded.
You are struck by an arc of lightning.
* * * LOW HITPOINT WARNING * * *
Pargi is struck by an arc of lightning.
Pargi is heavily wounded.
You are struck by an arc of lightning.
* * * LOW HITPOINT WARNING * * *
The lightning grounds out.
Pargi closely misses you. x3
Casting: Static Discharge (safe; 4% risk of failure)
Confirm with . or Enter, or press ? or * to list all spells.
Pargi is struck by an arc of lightning.
Pargi is heavily wounded.
You are struck by an arc of lightning.
* * * LOW HITPOINT WARNING * * *
The lightning grounds out.
Pargi bites you!
You die...

~≈≈≈≈≈≈≈# * ~≈≈≈≈≈≈≈#
##~≈≈≈≈≈≈# #.~≈≈≈≈≈≈≈
##~≈≈≈≈≈≈# #..≈≈≈≈≈≈# *
###~≈≈≈≈≈≈≈# ,
##.#T≈≈≈≈≈≈≈≈ * ###
#..@≈≈≈≈≈≈≈≈≈* ##.###
#.~≈≈≈≈≈≈≈≈≈# #.∩∩.#
##~≈≈≈≈≈≈≈≈##
≈.#~≈≈.#####.≈≈≈≈≈≈≈≈≈#
≈≈≈~≈≈≈≈.~#.~≈≈≈≈≈≈≈≈#≈#
≈≈≈≈≈≈≈≈≈≈≈.~≈≈≈≈≈≈≈≈≈###
≈≈≈≈≈≈≈≈≈≈≈≈≈≈≈≈≈≈≈≈≈≈#
≈≈≈≈≈≈≈≈≈≈≈≈≈≈≈≈≈≈≈≈≈##
≈≈≈≈≈≈≈≈≈≈≈≈≈≈≈≈≈≈≈≈##


You could see Pargi.

Vanquished Creatures
  2 adders
  A river rat (D:4)
  2 worms (D:2)
  2 dart slugs
  3 orcs
  10 ball pythons
  5 endoplasms
  A giant cockroach (D:2)
  4 goblins
  2 hobgoblins (D:2)
  6 jackals (D:1)
  2 quokkas
  6 bats
  3 frilled lizards (Sewer)
  8 kobolds
  7 rats
64 creatures vanquished.

Notes
Turn   | Place    | Note
-------+----------+-------------------------------------------
     0 | D:1      | lunkers the Meteoran Air Elementalist began the quest for
                  | the Orb.
     0 | D:1      | Reached XP level 1. HP: 14/14 MP: 5/5
    53 | D:1      | Found Libbyiba's Distillery.
    81 | D:1      | Reached XP level 2. HP: 20/20 MP: 1/6
    84 | D:1      | Found Muetwec's Book Shop.
    94 | D:1      | Reached skill level 4 in Air Magic
   172 | D:1      | Reached XP level 3. HP: 26/26 MP: 1/8
   190 | D:1      | Learned a level 2 spell: Static Discharge
   198 | D:1      | Found Ruadiur's Distillery.
   237 | D:1      | Found Evour's Assorted Antiques.
   255 | D:1      | Got the Vademecum on Damage
   474 | D:2      | Reached XP level 4. HP: 29/33 MP: 2/9
   789 | D:3      | Learned a level 3 spell: Swiftness
   796 | D:3      | Learned a level 4 spell: Airstrike
   842 | D:3      | Reached skill level 5 in Air Magic
   866 | D:3      | Reached XP level 5. HP: 29/38 MP: 4/11
  1077 | D:4      | Found a glowing drain.
  1096 | Sewer    | Entered a sewer
  1107 | Sewer    | Upgraded the game from 0.31-a0-7-g51783674b7 to
                  | 0.31-a0-16-g6d2539766c
  1118 | Sewer    | Noticed Pargi
  1131 | Sewer    | HP: 1/38 [/static electricity (3)]
  1131 | Sewer    | Mangled by Pargi

Illustrated notes

Levels and vault maps discovered:
D:1:      spicycebolla_arrival_ecumenical, layout_basic, serial_shops, shop,
          shop, nicolae_shop_getting_attention, nicolae_shop_tiny_statue_garden
D:2:      layout_basic
D:3:      layout_basic, uniq_ijyb
D:4:      minmay_evil_eye, layout_basic, gammafunk_temple_overflow_elements,
          ebering_ghost_disaster_area, portal_sewer_entry_a
Sewer:    sewer_co_pargi_island

Skill      XL: |  1  2  3  4 |
---------------+-------------+-----
Air Magic      | 4 5 |  5.2
Spellcasting   | 3 |  3.7
Conjurations   | 2 |  2.8
Dodging        | |  2.4
Stealth        | |  1.4

Action                     |  1- 3 |  4- 6 || total
---------------------------+-------+-------++-------
  Melee: Unarmed           |     9 |       ||     9
         Punch             |     1 |     1 ||     2
         Club              |     9 |    21 ||    30
   Cast: Shock             |    35 |     8 ||    43
         Static Discharge  |    12 |    39 ||    51
    Use: Potion            |       |     1 ||     1
 Armour: Robe              |    10 |    18 ||    28
  Dodge: Dodged            |    27 |    56 ||    83

Table legend: (Time is in decaauts)
 A = Elapsed time spent in this place.
 B = Non-inter-level travel time spent in this place.
 C = Inter-level travel time spent in this place.
 D = Time resting spent in this place.
 E = Time spent auto-exploring this place.
 F = Levels seen in this place.
 G = Mean time per level.
                   A        B        C        D        E       F      G
               +--------+--------+--------+--------+--------+-----+--------+
         Total |   1144 |   1144 |      0 |      0 |    705 |   5 |  228.8 |
       Dungeon |   1105 |   1105 |      0 |      0 |    692 |   4 |  276.2 |
         Sewer |     39 |     39 |      0 |      0 |     13 |   1 |   39.0 |
               +--------+--------+--------+--------+--------+-----+--------+

Top non-repeatable levels by time:
     D:2: 433 daAuts
     D:1: 272 daAuts
     D:4: 213 daAuts
     D:3: 185 daAuts
   Sewer: 39 daAuts
